 Dungeon Crawl Stone Soup version 0.18-a0-626-geb0fed7 (webtiles) character file.

14746 Mindmaker the Blocker (level 12, 77/77 HPs)
             Began as a Gargoyle Fighter on Dec 4, 2015.
             Was an Elder of Qazlal.
             Quit the game on level 1 of the Lair of Beasts.
             The game lasted 01:02:19 (12518 turns).

Mindmaker the Blocker (Gargoyle Fighter)           Turns: 12518, Time: 01:02:19

Health: 77/77      AC: 20    Str: 19    XL:     12   Next: 19%
Magic:  12/12      EV: 12    Int: 11    God:    Qazlal [****..]
Gold:   878        SH: 17    Dex: 13    Spells: 0 memorised, 11 levels left

rFire  . . .     SeeInvis +     C - +1 whip (elec)
rCold  . . .     Clarity  +     k - +3 ring mail
rNeg   + . .     SustAt   .     c - +0 shield
rPois  ∞         Gourm    .     (helmet restricted)
rElec  +         Spirit   .     z - +0 cloak
rCorr  .         Dismiss  .     (no gloves)
rMut   .         Stasis   .     (no boots)
MR     .....                    f - amulet of clarity
Stlth  +.........               (no ring)
                                D - ring of see invisible

@: repel missiles, not resistant to hostile enchantments, very unstealthy
A: horns 1, berserk 1, blink, negative energy resistance 1, electricity
resistance, unbreathing, petrification resistance, rot immunity, AC +8
a: Blink, Upheaval, Elemental Force, Renounce Religion


You were on level 1 of the Lair of Beasts.
You worshipped Qazlal.
Qazlal was greatly pleased with you.
You were not hungry.

You visited 3 branches of the dungeon, and saw 14 of its levels.
You also visited: Bailey.

You collected 878 gold pieces.

Inventory:

Hand Weapons
 b - a +2 morningstar
 s - a +2 flail of protection
 C - a +1 whip of electrocution (weapon)
Missiles
 v - 15 javelins
 x - 21 tomahawks of returning (quivered)
 y - 18 tomahawks
Armour
 c - a +0 shield (worn)
 k - a +3 ring mail (worn)
 n - a +0 helmet
 z - a +0 cloak (worn)
Rods
 G - a +3 rod of clouds (16/16)
   (You found it on level 7 of the Dungeon)
Jewellery
 f - an amulet of clarity (around neck)
 u - an uncursed ring of ice
 A - an uncursed amulet of resist corrosion
 D - a ring of see invisible (left hand)
Wands
 O - a wand of fireball (7)
Scrolls
 d - a scroll of summoning {unknown}
 h - 3 scrolls of remove curse
 i - 6 scrolls of fear
 t - 6 scrolls of teleportation
Potions
 a - 4 potions of curing
 j - a potion of poison
 m - a potion of resistance
 o - a potion of haste
 r - 2 potions of magic
 w - 2 potions of agility
 H - a potion of might
 K - a potion of flight
 Q - a potion of invisibility
Comestibles
 e - 7 bread rations
 p - 7 meat rations
 q - 2 royal jellies
 L - 12 fruits
 M - 7 slices of pizza
 N - 2 beef jerkies
 P - 2 chunks of flesh


   Skills:
 - Level 10.1 Fighting
 - Level 10.0 Maces & Flails
 - Level 11.0 Armour
 + Level 3.7 Dodging
 - Level 11.1 Shields


You had 11 spell levels left.
You didn't know any spells.

Dungeon Overview and Level Annotations

Branches:
Dungeon (12/15)            Temple (1/1) D:4            Lair (1/8) D:10
    Orc (0/4) D:9

Altars:
Ashenzari
Cheibriados
Dithmenos
Elyvilon
Fedhas
Gozag
Kikubaaqudgha
Makhleb
Nemelex Xobeh
Okawaru
Pakellas
Qazlal
Ru
Sif Muna
Trog
Vehumet
Xom
Yredelemnul
Zin
The Shining One


Innate Abilities, Weirdness & Mutations

You are resistant to torment.
Your stone body is resilient (AC +8).
You are immune to poison.
You resist negative energy.
You are resistant to electric shocks.
You can survive without breathing.
You are immune to petrification.
You are immune to rotting.
You have a pair of small horns on your head.
You tend to lose your temper in combat.
You can translocate small distances at will.


Message History

You hit the iguana but do no damage.
You headbutt the iguana, but do no damage.
The iguana is almost dead.
You block the iguana's attack.
You closely miss the iguana. Your headbutt misses the iguana.
The iguana is almost dead.
You block the iguana's attack.
You hit the iguana.
There is a sudden explosion of sparks!
You kill the iguana!
Qazlal accepts your kill.
No target in view!
Drink which item? (? for menu, Esc to quit)
It was a potion of poison.
You feel slightly nauseous.
Read which item? (? for menu, Esc to quit)
Okay, then.
Drink which item? (? for menu, Esc to quit)
It was a potion of magic.
Magic courses through your body.
Quiver which item? (- for none, * to show all) (? for menu, Esc to quit)
Okay, then.
Are you sure you want to abandon this character and quit the game? (Confirm with "yes".)

......... ###..#.# #.P#.#... ##
#......... §........ #.+##
#.....[... .......#. .....
#........... §........ ...
#.#......... .......#. ...
#.#...>..... .......# #§##
#.#......... ###.##... #.P#
#........... .........
..####@#####...........
.......................##.######+
...............§§................
#############.######.#.#####.#.##
## ##### #####


There were no monsters in sight!

Vanquished Creatures
  An orc warlord (Bailey)
  Fannar (D:10)
  2 hydras
  Erica (D:8)
  Urug (D:11)
  Pikel (D:6)
  A cyclops (D:11)
  A manticore (D:11)
  The ghost of sefie the Conjurer, a novice OpWz of Kikubaaqudgha (D:6)
  3 spiny frogs (Lair:1)
  A troll (D:10)
  Prince Ribbit (D:7)
  4 blink frogs (Lair:1)
  3 yaks (D:10)
  A warg (D:9)
  Menkaure (D:7)
  8 orc warriors
  2 ogres
  2 slaves (D:6)
  5 ice beasts
  2 sky beasts
  A black bear (D:11)
  A wasp (D:9)
  A crocodile (Lair:1)
  2 phantoms
  4 centaurs
  3 big kobolds (D:10)
  5 giant frogs
  2 gnoll sergeants
  9 scorpions
  A wyvern skeleton (D:9)
  3 wights (D:10)
  12 killer bees
  A quasit (D:10)
  4 crimson imps
  2 centaur zombies
  A gnoll shaman (D:5)
  5 orc priests
  3 giant frog zombies
  2 centaur skeletons
  Crazy Yiuf (D:4)
  2 jellies
  4 orc wizards
  5 hounds
  Natasha (D:2)
  8 iguanas
  6 worker ants
  2 sheep (D:10)
  2 hound skeletons
  2 hound zombies
  Robin (D:4)
  23 gnolls
  11 adders
  A river rat (Lair:1)
  3 shadow imps
  3 oozes
  An adder skeleton (D:5)
  4 worms
  8 giant geckos
  24 orcs
  4 giant cockroaches
  12 hobgoblins
  11 jackals
  5 quokkas
  A ball python (D:3)
  14 bats
  A giant gecko skeleton (D:8)
  8 giant newts
  26 goblins
  29 kobolds
  7 rats
  5 fungi
  A plant (D:10)
341 creatures vanquished.

Vanquished Creatures (others)
  A slave (D:6)
  An orc wizard (D:6)
  An orc (D:6)
  2 plants (D:10)
5 creatures vanquished.

Grand Total: 346 creatures vanquished

Notes
Turn   | Place    | Note
--------------------------------------------------------------
     0 | D:1      | Mindmaker the Gargoyle Fighter began the quest for the Orb.
     0 | D:1      | Reached XP level 1. HP: 14/14 MP: 1/1
    42 | D:1      | Reached skill level 1 in Dodging
    42 | D:1      | Reached XP level 2. HP: 19/19 MP: 2/2
   422 | D:1      | Reached XP level 3. HP: 23/23 MP: 3/3
  1185 | D:2      | Reached XP level 4. HP: 24/28 MP: 4/4
  1271 | D:2      | Noticed Natasha
  1292 | D:2      | Killed Natasha
  1969 | D:2      | Reached skill level 4 in Maces & Flails
  2023 | D:3      | Reached XP level 5. HP: 32/32 MP: 5/5
  3097 | D:4      | Noticed Robin
  3190 | D:4      | Killed Robin
  3190 | D:4      | Reached skill level 5 in Maces & Flails
  3276 | D:4      | Reached XP level 6. HP: 37/37 MP: 6/6
  3499 | D:4      | Reached skill level 5 in Armour
  3574 | D:4      | Reached XP level 7. HP: 41/41 MP: 7/7
  3576 | D:4      | Reached skill level 6 in Armour
  3814 | D:4      | Noticed Crazy Yiuf
  3829 | D:4      | Killed Crazy Yiuf
  4029 | D:4      | Found a staircase to the Ecumenical Temple.
  4033 | D:4      | Reached skill level 5 in Fighting
  4274 | Temple   | Entered the Ecumenical Temple
  4530 | D:5      | Entered Level 5 of the Dungeon
  4531 | D:5      | Found a shattered altar of Ashenzari.
  4545 | D:5      | Reached skill level 5 in Shields
  4545 | D:5      | Reached XP level 8. HP: 49/49 MP: 8/8
  4612 | D:5      | Found a glowing silver altar of Zin.
  5042 | D:5      | Reached skill level 7 in Maces & Flails
  5240 | D:6      | Noticed Pikel
  5361 | D:6      | Found a stormy altar of Qazlal.
  5364 | D:6      | Became a worshipper of Qazlal Stormbringer
  5488 | D:6      | Killed Pikel
  5488 | D:6      | Reached skill level 8 in Armour
  5488 | D:6      | Reached XP level 9. HP: 46/54 MP: 9/9
  5513 | D:6      | Noticed sefie's ghost (novice OpWz)
  5673 | D:6      | Killed sefie's ghost
  5818 | D:6      | Found a snail-covered altar of Cheibriados.
  5883 | D:6      | Found a burning altar of Makhleb.
  5883 | D:6      | Found a glowing golden altar of the Shining One.
  5883 | D:6      | Found a deep blue altar of Sif Muna.
  5921 | D:6      | Reached skill level 9 in Armour
  6058 | D:7      | Noticed Prince Ribbit
  6428 | D:7      | Reached * piety under Qazlal
  6607 | D:7      | Noticed Menkaure
  6625 | D:7      | Killed Menkaure
  6672 | D:7      | Killed Prince Ribbit
  6934 | D:8      | Gained mutation: You tend to lose your temper in combat. [mutagenic meat]
  6938 | D:8      | Identified a +1 rod of clouds (14/14) (You found it on level 7 of the Dungeon)
  6946 | D:8      | Noticed Erica
  6960 | D:8      | Killed Erica
  6960 | D:8      | Reached XP level 10. HP: 33/63 MP: 10/10
  7315 | D:8      | Reached skill level 10 in Maces & Flails
  7402 | D:8      | Found an ancient bone altar of Kikubaaqudgha.
  7781 | D:9      | Found a staircase to the Orcish Mines.
  7903 | D:9      | Found an oddly glowing altar of Pakellas.
  8086 | D:9      | Reached ** piety under Qazlal
  8402 | D:9      | Found a shadowy altar of Dithmenos.
  8646 | D:9      | Found a bloodstained altar of Trog.
  8917 | D:10     | Entered Level 10 of the Dungeon
  9042 | D:10     | Found a flagged portal.
  9065 | Bailey   | Entered a bailey
  9070 | Bailey   | Noticed an orc warlord
  9151 | Bailey   | Reached skill level 10 in Fighting
  9199 | Bailey   | Found a runed gate.
  9202 | Bailey   | Found a runed gate.
  9203 | Bailey   | Found a runed gate.
  9219 | Bailey   | Reached *** piety under Qazlal
  9373 | Bailey   | Killed an orc warlord
  9373 | Bailey   | Reached skill level 10 in Armour
  9373 | Bailey   | Reached XP level 11. HP: 47/72 MP: 11/11
  9581 | D:10     | Reached skill level 11 in Armour
  9819 | D:10     | Noticed a three-headed hydra
  9859 | D:10     | Killed a three-headed hydra
  9963 | D:10     | Noticed Fannar
 10003 | D:10     | Killed Fannar
 10138 | D:10     | Found a staircase to the Lair.
 10898 | D:11     | Noticed Urug
 10908 | D:11     | Reached **** piety under Qazlal
 10931 | D:11     | Killed Urug
 11250 | D:11     | Found a sparkling altar of Nemelex Xobeh.
 11326 | D:11     | Reached skill level 10 in Shields
 11356 | D:11     | Noticed a five-headed hydra
 11437 | D:11     | Killed a five-headed hydra
 11872 | D:11     | Reached XP level 12. HP: 75/77 MP: 12/12
 12132 | Lair:1   | Entered Level 1 of the Lair of Beasts
 12133 | Lair:1   | Upgraded the game from 0.18-a0-603-g332275c to 0.18-a0-626-geb0fed7
 12453 | Lair:1   | Gained mutation: You have a pair of small horns on your head. [potion of beneficial mutation]
 12454 | Lair:1   | Gained mutation: You can translocate small distances at will. [potion of beneficial mutation]
 12518 | Lair:1   | Quit the game

Vault maps used:
D:1:      erik_arrival_gehennom, minivault_19, serial_bayou_pond_c,
          minmay_unequal
D:2:      minmay_kobold_bridge, first_bread, minmay_liquid_box,
          nrook_mini_vaults, uniq_natasha
D:3:      st_stairs_14
D:4:      old_forge, minmay_temple_entry_trees, uniq_robin,
          uniq_crazy_yiuf_cottage
D:5:      zin_statuary, nicolae_overflow_crystal_walls
D:6:      lemuel_crystal_altar, kennysheep_mini_moat,
          gammafunk_temple_overflow_forgotten, uniq_pikel
D:7:      uniq_menkaure, uniq_prince_ribbit1
D:8:      kiku_gazebo_pond_becter, uniq_erica
D:9:      grunt_pakellas_sulfur, lightli_temple_of_fire, kennysheep_little_box,
          david_orc_3
D:10:     lair_0_dummy, enter_bailey_3, hangedman_ranch,
          minmay_gold_behind_fungi, uniq_fannar
D:11:     nemelex_deck, uniq_urug
Temple:   jpeg_temple_clearing_9
Lair:1:   forest_paths
Bailey:   bailey_axe_bossmonster_kennysheep, bailey

Action                   |  1- 3 |  4- 6 |  7- 9 | 10-12 || total
-------------------------+-------+-------+-------+-------++-------
Melee: Flail             |   148 |   353 |   244 |       ||   745
       Whip              |       |       |   212 |   692 ||   904
Throw: Javelin           |       |     5 |    31 |     2 ||    38
       Tomahawk          |       |       |       |    20 ||    20
Invok: Upheaval          |       |       |       |     2 ||     2
  Use: Potion            |       |     1 |     1 |     8 ||    10
       Scroll            |       |       |     9 |    14 ||    23
 Stab: Invisible         |       |       |       |     5 ||     5
  Eat: Chunk             |     1 |     7 |    12 |    22 ||    42
       Pizza             |       |     1 |       |       ||     1
       Beef jerky        |       |       |       |     1 ||     1
